Map: Acropolis LE

Players

HateMe

  • Race: Zerg Zerg
  • Spawn Location: 11:00

PappiJoe - Winner!

  • Race: Protoss Protoss
  • Spawn Location: 5:00

Event: 2019 WCS Summer

VOD

Have the link to the VOD?

Description

Time

  • Played on: July 12, 2019, 11:57 a.m.
  • Length: 4:55

All games in this series

Show
View Real Time Build Order
Export as new Build Order

HateMe Zerg 

Build Orders: Hatch First 

Get SALT Encoding   

  12  0:00  Drone  
  13  0:11  Overlord  
  13  0:16  Drone  
  14  0:30  Drone x2  
  16  0:47  Hatchery  
  15  0:51  Drone  
  15  0:55  Drone  
  17  0:57  Drone  
  18  1:09  Extractor  
  17  1:13  Spawning Pool  
  17  1:16  Drone  
  17  1:19  Drone  
  18  1:48  Drone x2  
  20  2:01  Zergling x2  
  20  2:02  Zergling x2  
  20  2:03  Queen  
  24  2:09  Queen  
  26  2:20  Overlord  
  28  2:35  Zergling x6  
  27  2:45  Zergling x2  
  27  2:46  Zergling x2  
  27  2:53  Zergling x4  
  28  3:06  Zergling x2  
  17  3:33  Zergling x6  
  19  3:48  Zergling x4  
  16  4:06  Zergling x2  
Show
View Real Time Build Order
Export as new Build Order

PappiJoe Protoss - Winner!

Build Orders:  

Get SALT Encoding   

  12  0:00  Probe  
  13  0:13  Probe  
  14  0:25  Probe  
  15  0:37  Pylon  
  15  0:56  Gateway  
  15  0:57  Gateway  
  15  0:59  Gateway  
  15  1:08  Gateway  
  15  1:14  Probe  
  16  1:21  Pylon  
  16  1:26  Probe  
  17  1:35  Zealot  
  17  1:44  Zealot  
  21  1:48  Zealot  
  23  1:54  Zealot  
  23  1:57  Pylon  
  23  1:59  Zealot  
  27  2:12  Zealot  
  29  2:16  Zealot  
  29  2:21  Zealot  
  33  2:29  Pylon  
  31  2:51  Zealot x2  
  31  2:53  Zealot  
  37  2:59  Zealot  
  39  3:09  Zealot  
  37  3:13  Zealot  
  37  3:19  Zealot  
  35  3:26  Zealot  
  33  3:36  Zealot  
  33  3:40  Zealot  
  37  3:48  Zealot  
  39  3:58  Zealot  
  35  4:11  Zealot  
  35  4:15  Zealot  
  35  4:16  Zealot  
Tags
 
Add a new tag
Caveats
  • Supply blocks, unpowered buildings, or Contaminate may cause inaccurate times.
  • Supply counts are checked every 10 seconds.